 Dungeon Crawl Stone Soup version 0.30.1-3-gfc49f6343a (webtiles) character file.

Game seed: 15485298268634721614

3496 Kranky the Spear-Bearer (level 9, -4/83 HPs)
             Began as a Minotaur Berserker on Aug 3, 2023.
             Was an Elder of Trog.
             Slain by a gnoll sergeant
             ... wielding a +4 trident of venom
              (12 damage)
             ... on level 7 of the Dungeon.
             The game lasted 00:09:35 (5948 turns).

Kranky the Spear-Bearer (Minotaur Berserker)        Turns: 5948, Time: 00:09:36

Health: -4/83      AC:  7    Str: 27    XL:     9   Next: 80%
Magic:  8/8        EV: 12    Int:  4    God:    Trog [****..]
Gold:   139        SH:  0    Dex:  4    Spells: 8/8 levels left

rFire   + + .        m - +9 quarterstaff of Tostruig {flame, rPois Dex-5 SInv}
rCold   . . .        (shield currently unavailable)
rNeg    . . .        F - +1 ring mail {rF+}
rPois   +            (helmet restricted)
rElec   .            (no cloak)
rCorr   +            (no gloves)
SInv    +            (no boots)
Will    ++...        (no amulet) Stlth
                     C - ring of resist corrosion
HPRegen 1.33/turn    w - ring of protection from fire
MPRegen 0.11/turn

%: no passive effects
@: lethally poisoned (-4 -> -4), strong-willed, regenerating, studying Polearms
A: horns 2, retaliatory headbutt
a: Renounce Religion, Berserk, Trog's Hand, Brothers in Arms


You were on level 7 of the Dungeon.
You worshipped Trog.
Trog was greatly pleased with you.
You visited 1 branch of the dungeon, and saw 7 of its levels.

You collected 381 gold pieces.
You spent 242 gold pieces at shops.

Inventory:

Hand Weapons
 m - the +9 quarterstaff of Tostruig (weapon) {flame, rPois Dex-5 SInv}
   (You found it on level 3 of the Dungeon)

   Dex:       It affects your dexterity (-5).
   rPois:     It protects you from poison.
   SInv:      It lets you see invisible.
Missiles
 a - a throwing net (quivered)
Armour
 t - a +0 plate armour
 F - a +1 ring mail of fire resistance (worn)
Jewellery
 w - a ring of protection from fire (right hand)
 C - a ring of resist corrosion (left hand)
Wands
 g - a wand of mindburst (12)
 y - a wand of roots (7)
 E - a wand of quicksilver (19)
Scrolls
 b - a scroll of identify
 c - 3 scrolls of butterflies
 e - 5 scrolls of teleportation
 j - a scroll of enchant armour {unknown}
 k - a scroll of brand weapon {unknown}
 n - 2 scrolls of noise {unknown}
 r - 2 scrolls of fog {unknown}
 x - a scroll of vulnerability {unknown}
 A - a scroll of immolation {unknown}
 D - a scroll of poison {unknown}
Potions
 d - 4 potions of flight
 f - 4 potions of curing
 l - 2 potions of haste
 o - 2 potions of mutation
 p - 4 potions of might
 q - 2 potions of heal wounds
 s - 2 potions of berserk rage
 u - 2 potions of degeneration {unknown}
 v - a potion of invisibility {unknown}
 z - a potion of attraction {unknown}
 B - a potion of lignification {unknown}


   Skills:
 + Level 9.1 Fighting
 + Level 9.1 Polearms
 + Level 8.6 Armour
 + Level 7.9 Dodging
 + Level 2.0 Evocations


You had 8 spell levels left.
You didn't know any spells.
Your spell library was empty.

Dungeon Overview and Level Annotations

Branches:
Dungeon (7/15)
 Temple: D:4-7

Altars:
Ashenzari
Dithmenos
Gozag
Kikubaaqudgha
Vehumet
Wu Jian
Yredelemnul

Shops:
D:3 *   D:5 :   D:6 !


Innate Abilities, Weirdness & Mutations

You have a pair of horns on your head.
You reflexively headbutt those who attack you in melee.


Message History

You see here a scorpion corpse.
You feel sick.
The gnoll sergeant hits you from afar with a +4 trident of venom.
You are more poisoned.
You feel very sick.
You feel very sick.
The gnoll sergeant hits you with a +4 trident of venom.
You sock the gnoll sergeant! You burn the gnoll sergeant.
The gnoll sergeant is severely wounded.
You feel very sick.
You sock the gnoll! You burn the gnoll. You headbutt the gnoll.
You kill the gnoll!
Trog accepts your kill.
You feel sick.
The gnoll sergeant hits you with a +4 trident of venom.
The gnoll hits you from afar with a +0 spear.
You closely miss the gnoll sergeant.
The gnoll sergeant is severely wounded.
You feel sick. The gnoll sergeant barely misses you. You furiously retaliate!
You headbutt the gnoll sergeant.
The gnoll hits you from afar with a +0 spear.
The gnoll hits you with a +0 flail.
* * * LOW HITPOINT WARNING * * *
Your ogre goes berserk!
Trog will no longer gift you weapons.
You feel sick. The gnoll sergeant barely misses you. You furiously retaliate!
You headbutt the gnoll sergeant. The gnoll hits you with a +0 flail!
* * * LOW HITPOINT WARNING * * *
The gnoll hits you from afar with a +0 spear.
* * * LOW HITPOINT WARNING * * *
The gnoll attacks as you move away! The gnoll closely misses you.
You feel sick.
The gnoll sergeant hits you from afar with a +4 trident of venom.
* * * LOW HITPOINT WARNING * * *
Your ogre rages.
Your skin crawls.
You feel strong-willed.
You feel sick.
The gnoll sergeant hits you from afar with a +4 trident of venom!
You die...

#.... ###########....
...............
############... .
######.......## ...#
#......####### #
##....######.###### ## ..
..##........######... ...
..#....@O.........#
....#.#.####gg##....########
..?.. ###)#...#.......)).
#g.###..g#.####.<....)##
.#.g...g##..# ##.....##
.......#..###.## ###....##
...##...#.....# #.....## .
#......#### #.###..#
##........# ...####.###


You could see a gnoll sergeant (ally target), 2 gnolls and a friendly ogre
(summoned, berserk).

Vanquished Creatures
  Grinder (D:5)
  Sigmund (D:5)
  A wraith (D:5)
  2 steam dragons
  4 water moccasins
  A black bear (D:6)
  A sky beast (D:6)
  2 ogres
  A centaur (D:7)
  2 bullfrogs
  3 scorpions
  16 wights
  A howler monkey (D:6)
  A quasit (D:4)
  4 hounds
  A gnoll bouda (D:7)
  2 jellies (D:7)
  3 sleepcaps
  4 iguanas
  3 orc wizards
  7 gnolls
  2 adders
  3 shadow imps
  4 white imps
  5 ufetubi
  2 worms
  2 dart slugs
  15 orcs
  5 ball pythons
  4 bats
  5 endoplasms
  4 giant cockroaches
  4 goblins
  A hobgoblin (D:4)
  13 jackals
  7 quokkas (D:1)
  2 frilled lizards
  4 kobolds
  7 rats
150 creatures vanquished.

Notes
Turn   | Place    | Note
-------+----------+-------------------------------------------
     0 | D:1      | Kranky the Minotaur Berserker began the quest for the Orb.
     0 | D:1      | Reached XP level 1. HP: 19/19 MP: 0/0
    63 | D:1      | Reached XP level 2. HP: 27/27 MP: 1/1
   346 | D:1      | Reached XP level 3. HP: 33/33 MP: 2/2
   359 | D:1      | Reached ** piety under Trog
   704 | D:1      | Found a faded altar of an unknown god.
  1348 | D:2      | Reached XP level 4. HP: 40/40 MP: 3/3
  1720 | D:3      | Identified the +9 quarterstaff of Tostruig {flame, rPois
                  | Dex-5 SInv}
  1770 | D:3      | Reached *** piety under Trog
  1823 | D:3      | Found an ancient bone altar of Kikubaaqudgha.
  1823 | D:3      | Found an ornate altar of the Wu Jian Council.
  2073 | D:3      | Found an opulent altar of Gozag.
  2103 | D:3      | Found Gozag's Platinum Reserve.
  2241 | D:4      | Reached XP level 5. HP: 38/47 MP: 4/4
  2543 | D:4      | Noticed an ogre
  2688 | D:4      | Killed an ogre
  2689 | D:4      | Reached skill level 5 in Fighting
  2689 | D:4      | Reached skill level 5 in Polearms
  2783 | D:4      | Reached XP level 6. HP: 56/56 MP: 5/5
  2793 | D:4      | Reached skill level 5 in Armour
  2984 | D:4      | Reached XP level 7. HP: 56/62 MP: 6/6
  3101 | D:4      | Found a radiant altar of Vehumet.
  3327 | D:5      | Entered Level 5 of the Dungeon
  3452 | D:5      | Found a shadowy altar of Dithmenos.
  3474 | D:5      | Found Uzxuesk's Book Boutique.
  3501 | D:5      | Reached skill level 5 in Dodging
  3558 | D:5      | Found a basalt altar of Yredelemnul.
  3640 | D:5      | Found a broken altar of Ashenzari.
  3642 | D:5      | Reached **** piety under Trog
  3731 | D:5      | Noticed Sigmund
  3739 | D:5      | Killed Sigmund
  3903 | D:5      | Noticed a wraith
  3909 | D:5      | Killed a wraith
  3910 | D:5      | Reached XP level 8. HP: 62/71 MP: 7/7
  4162 | D:5      | Noticed Grinder
  4165 | D:5      | Paralysed by Grinder for 3 turns
  4171 | D:5      | Killed Grinder
  4421 | D:6      | Found Utzidd's Distillery.
  4439 | D:6      | Bought a potion of curing for 33 gold pieces
  4439 | D:6      | Bought a potion of haste for 110 gold pieces
  4439 | D:6      | Bought a potion of might for 44 gold pieces
  4439 | D:6      | Bought a potion of heal wounds for 55 gold pieces
  4730 | D:6      | Reached XP level 9. HP: 81/81 MP: 8/8
  5403 | D:7      | Reached skill level 1 in Evocations
  5421 | D:7      | Reached ***** piety under Trog
  5948 | D:7      | Slain by a gnoll sergeant

Illustrated notes

Levels and vault maps discovered:
D:1:      psy_arrival_conway, layout_basic, hellmonk_ecumenical_altar_dog_temple
D:2:      layout_loops_ring
D:3:      layout_rooms, gammafunk_temple_overflow_pools,
          nicolae_gozag_zags_fifth_avenue
D:4:      layout_basic, vehumet_crystals, serial_demonic, serial_demonic_d,
          serial_demonic_f, serial_demonic_g, serial_demonic_g
D:5:      layout_loops_ring, nicolae_overflow_crystal_walls,
          grunt_dithmenos_smoke, nicolae_ashenzari_skybound, serial_shops, shop,
          kennysheep_nondescript, due_unseen_surprise, uniq_sigmund,
          uniq_grinder
D:6:      layout_basic, serial_shops, nicolae_shop_stone
D:7:      layout_rooms, minmay_temple_entry_fiery, minmay_manual_monstrance

Skill      XL: |  1  2  3  4  5  6  7  8  9 |
---------------+----------------------------+-----
Fighting       | 4 5 6 7 9 |  9.1
Polearms       | 4 5 6 7 9 |  9.1
Armour         | 3 4 5 6 7 8 |  8.6
Dodging        | 3 4 5 6 7 |  7.9
Evocations     | 2 |  2.0

Action                     |  1- 3 |  4- 6 |  7- 9 || total
---------------------------+-------+-------+-------++-------
  Melee: Spear             |   109 |    18 |       ||   127
         Headbutt          |    14 |     8 |    26 ||    48
         Punch             |     1 |       |       ||     1
         Quarterstaff      |       |    44 |   148 ||   192
 Invoke: Trog's Hand       |       |       |     1 ||     1
         Brothers in Arms  |       |       |     1 ||     1
    Use: Scroll            |       |       |     5 ||     5
   Stab: Sleeping          |     1 |       |       ||     1
 Armour: Animal skin       |    12 |       |       ||    12
         Ring mail         |     4 |     2 |    13 ||    19
         Plate armour      |       |    30 |    50 ||    80
  Dodge: Dodged            |    66 |    20 |    72 ||   158
